[Event "Masters Tournament (MTO)"]
[Site "Biel, Switzerland"]
[Date "2026.07.18"]
[Round "6.23"]
[White "Lumsdon, Andrew"]
[Black "Gireada, Daniel"]
[Result "0-1"]
[TimeControl "100+30+30sec/move"]
[WhiteTitle "-"]
[BlackTitle "-"]
[WhiteFideId "1308840"]
[BlackFideId "1206451"]
[WhiteElo "2033"]
[BlackElo "2255"]

1. e4 c6 2. f4 d5 3. e5 Bf5 4. d3 e6 5. Nf3 c5 6. c3 Nc6 7. Be2 Be7 8. O-O h6 9. Na3 g5 10.
Nc2 d4 11. c4 g4 12. Nd2 h5 13. Ne4 f6 14. exf6 Nxf6 15. Ng5 Nh7 16. Ne4 Qd7 17. Bd2 Bxe4 18. dxe4 d3 19. Bc3 dxe2 20.
Qxe2 Nd4 21. Qf2 Nf6 22. Rfe1 Nxc2 23. Qxc2 O-O-O 24. e5 Nh7 25. Rad1 Qe8 26. f5 Ng5 27. f6 Rxd1 28. Rxd1 Bd8 29.
Bd2 Nf7 30. Bf4 Bc7 31. Qe4 Nd8 32. Rf1 Qf7 33. Be3 Qh7 34. Qf4 Nf7 35. Bxc5 Bxe5 36. Qe3 b6 37. Be7 Qc2 38. c5 Qxb2 39.
Rd1 h4 40. cxb6 axb6 41. Qe4 Kb8 42. Rd7 Qc1+ 43. Kf2 Qf4+ 44. Qxf4 Bxf4 45. Rd4 g3+ 46. hxg3 Bxg3+ 47. Kf3 Rh5 48.
a4 Rf5+ 49. Kg4 Nh6+ 50. Kh3 Rf1 51. Rxh4 Bxh4 52. Kxh4 Kc8 53. Kg5 Ng8 54. Kg6 Nxe7+ 0-1

[Event "Masters Tournament (MTO)"]
[Site "Biel, Switzerland"]
[Date "2026.07.18"]
[Round "6.24"]
[White "Harish, Neeraj"]
[Black "Aryan, Goyal"]
[Result "1-0"]
[TimeControl "100+30+30sec/move"]
[WhiteTitle "-"]
[BlackTitle "-"]
[WhiteFideId "30958130"]
[BlackFideId "366108825"]
[WhiteElo "2201"]
[BlackElo "2029"]

1. e4 e5 2. Nf3 Nc6 3. Bb5 a6 4. Ba4 Nf6 5. O-O Nxe4 6. d4 b5 7. Bb3 d5 8. dxe5 Be6 9. c3 Bc5 10.
Nbd2 O-O 11. Bc2 Nxf2 12. Rxf2 f6 13. Nf1 Bxf2+ 14. Kxf2 fxe5 15. Kg1 Bg4 16. Ne3 Bxf3 17. gxf3 d4 18.
Ng4 Qe7 19. Be4 Rad8 20. Bxc6 Qc5 21. Qb3+ Kh8 22. Be4 dxc3+ 23. Be3 cxb2 24. Qxb2 1-0

[Event "Masters Tournament (MTO)"]
[Site "Biel, Switzerland"]
[Date "2026.07.18"]
[Round "6.25"]
[White "Papaux, Jeremie"]
[Black "Erne, Raphael"]
[Result "1/2-1/2"]
[TimeControl "100+30+30sec/move"]
[WhiteTitle "-"]
[BlackTitle "-"]
[WhiteFideId "1340867"]
[BlackFideId "1341928"]
[WhiteElo "2102"]
[BlackElo "2166"]

1. d4 Nf6 2. c4 e6 3. Nf3 Bb4+ 4. Bd2 Bxd2+ 5. Qxd2 b6 6.
Nc3 Bb7 7. e3 d6 8. Bd3 Nbd7 9. e4 e5 10. O-O O-O 11. d5 Nh5 12. b4 Nf4 13. g3 Ng6 14. Nd1 a5 15. b5 Nc5 16.
Ne3 Bc8 17. Kg2 Bd7 18. h4 Qc8 19. Rh1 Ne7 20. Qc2 f5 21. exf5 Nxf5 22. Ng5 h6 23. Nxf5 Bxf5 24. Ne4 Nxd3 25.
Qxd3 Bxe4+ 26. Qxe4 Qf5 1/2-1/2

[Event "Masters Tournament (MTO)"]
[Site "Biel, Switzerland"]
[Date "2026.07.18"]
[Round "6.26"]
[White "Kudryavtsev, Eugene"]
[Black "Berezovskii, Arina"]
[Result "1/2-1/2"]
[TimeControl "100+30+30sec/move"]
[WhiteTitle "-"]
[BlackTitle "-"]
[WhiteFideId "1315374"]
[BlackFideId "34449850"]
[WhiteElo "2146"]
[BlackElo "1906"]

1. Nf3 Nf6 2. c4 e6 3. Nc3 b6 4. e4 Bb7 5. e5 Ne4 6. Bd3 Ng5 7. Be2 Be7 8. d4 O-O 9. Be3 d6 10.
exd6 cxd6 11. O-O Nd7 12. Nd2 f5 13. f4 Nf7 14. Qc2 g6 15. Nf3 Bf6 16. Rad1 Bg7 17. h3 Re8 18. Rfe1 Nf6 19.
c5 Ne4 20. Nxe4 Bxe4 21. Qb3 Bd5 22. Qa3 Qe7 23. b4 Qb7 24. Qa4 a5 25. b5 dxc5 26. dxc5 bxc5 27. Bxc5 Rec8 28. Bd4 Nd6 29.
Bxg7 Kxg7 30. Qd4+ Kg8 31. a4 Ne4 32. Rc1 Rxc1 33. Rxc1 Rc8 34. Qe3 Rxc1+ 35. Qxc1 Qb6+ 36. Kh2 Qf2 37.
Qc8+ Kg7 38. Qc7+ Kh6 39. Bd1 Qg3+ 40. Kg1 Qf2+ 41. Kh2 Nd2 42. Qd8 Bxf3 43. Qg5+ Kg7 44. Qe7+ Kg8 45. Qe8+ Kg7 46.
Qe7+ Kg8 47. Qd8+ 1/2-1/2

[Event "Masters Tournament (MTO)"]
[Site "Biel, Switzerland"]
[Date "2026.07.18"]
[Round "6.27"]
[White "Yang, Sung-Jui"]
[Black "Kunz, Andre"]
[Result "1/2-1/2"]
[TimeControl "100+30+30sec/move"]
[WhiteTitle "-"]
[BlackTitle "-"]
[WhiteFideId "16301048"]
[BlackFideId "24623652"]
[WhiteElo "1935"]
[BlackElo "2116"]

1. d4 Nf6 2. Nf3 e6 3. c4 d5 4. Nc3 dxc4 5. e3 a6 6. a4 c5 7. Bxc4 Nc6 8. O-O cxd4 9. exd4 Be7 10.
d5 exd5 11. Nxd5 Nxd5 12. Bxd5 O-O 13. Qb3 Nb4 14. Bc4 Qa5 15. Re1 Nc6 16. Bd2 Qc7 17. Rac1 Bf5 18. Ne5 1/2-1/2

[Event "Masters Tournament (MTO)"]
[Site "Biel, Switzerland"]
[Date "2026.07.18"]
[Round "6.28"]
[White "Scherler, Julius"]
[Black "Rappazzo, Johannes"]
[Result "0-1"]
[TimeControl "100+30+30sec/move"]
[WhiteTitle "-"]
[BlackTitle "-"]
[WhiteFideId "1337947"]
[BlackFideId "1340069"]
[WhiteElo "1941"]
[BlackElo "2268"]

1. e4 c5 2. Nf3 d6 3. d4 cxd4 4. Qxd4 Nc6 5. Qe3 Nf6 6. Be2 g6 7. h3 Bg7 8. O-O O-O 9. Rd1 Be6 10.
Nc3 Rc8 11. a3 Qc7 12. Rb1 a6 13. Nd5 Bxd5 14. exd5 Na5 15. c3 b5 16. b3 Qxc3 17. Qb6 Nxb3 18. Bb2 Qa5 19. Qe3 Nc5 20.
Qxe7 Qd8 21. Qe3 Re8 22. Qd2 Na4 23. Bd3 Nxb2 24. Rxb2 Nxd5 25. Rc2 Rxc2 26. Bxc2 Nc3 27. Re1 Rxe1+ 28. Qxe1 Bf6 29. Qe3 d5 30. Qa7 Qd6 31. h4 Qxa3 32. h5 Qc1+ 33. Kh2 Kg7 34. Qxa6 Qh6 35. g4 Qf4+ 36. Kg2 Qxg4+ 37. Kf1 Qxf3 38. Kg1 Ne2+ 39. Kf1 Ng3+ 40. Kg1 Qh1# 0-1

[Event "Masters Tournament (MTO)"]
[Site "Biel, Switzerland"]
[Date "2026.07.18"]
[Round "6.29"]
[White "Celis, Joel"]
[Black "Kukushkin, Ivan"]
[Result "0-1"]
[TimeControl "100+30+30sec/move"]
[WhiteTitle "-"]
[BlackTitle "-"]
[WhiteFideId "15400212"]
[BlackFideId "11634103"]
[WhiteElo "1981"]
[BlackElo "2257"]

1. d4 Nf6 2. Bf4 c5 3. e3 e6 4. Nf3 d5 5. Nbd2 Nc6 6. c3 Nh5 7. Bg5 f6 8. Bh4 g6 9. Ne5 Be7 10.
Nxc6 bxc6 11. Be2 Ng7 12. f4 Rb8 13. Qc1 Qb6 14. b3 Nf5 15. Bf2 Ba6 16. g4 Bxe2 17. Kxe2 Nd6 18. Qc2 O-O 19.
h4 Qa6+ 20. Qd3 c4 21. bxc4 Rb2 22. Kf3 dxc4 23. Qe2 f5 24. Rhb1 fxg4+ 25. Kxg4 Qb5 26. Kh3 Qf5+ 27. Kh2 Rfb8 28. Qf1 Bxh4 29. Re1 Rxd2 0-1

[Event "Masters Tournament (MTO)"]
[Site "Biel, Switzerland"]
[Date "2026.07.18"]
[Round "6.30"]
[White "Corbat, Philippe"]
[Black "Matsumura, Cocoro"]
[Result "*"]
[TimeControl "100+30+30sec/move"]
[WhiteClock "00:04:33"]
[BlackClock "00:06:33"]
[ReferenceTime "W/2026-07-18T19:38:40.412+02:00"]
[WhiteTitle "-"]
[BlackTitle "-"]
[WhiteFideId "1304496"]
[BlackFideId "36087114"]
[WhiteElo "1893"]
[BlackElo "2225"]

1. e4 c5 2. d4 cxd4 3. c3 dxc3 4. Nxc3 Nc6 5. Nf3 e6 6. Bc4 Bb4 7. O-O Nge7 8. a3 Bxc3 9. bxc3 d5 10.
Bd3 dxe4 11. Bxe4 Qxd1 12. Rxd1 f6 13. a4 g5 14. Ba3 e5 15. Rd6 Kf7 16. Nd2 f5 17. Bd3 Rd8 18. Bc4+ Ke8 19.
Nf3 g4 20. Ng5 Rxd6 21. Bxd6 h5 22. Nh7 f4 23. Nf6+ Kf8 24. Nd5 Bf5 25. Bb5 Rd8 26. Nxe7 Nxe7 27. Bxe5 Ng6 28. Bd4 a6 29.
Bc4 Ne7 30. Rd1 Rc8 31. Bd3 Kf7 32. Kf1 Bxd3+ 33. Rxd3 Nf5 34. Ke2 Ke6 35. Kd2 Rc4 36. a5 Nxd4 37. cxd4 Kd5 38. Rb3 Rxd4+ 39. Kc3 Rc4+ 40. Kd3 Rd4+ 41. Kc3 Ra4 42. Rb4 b6 43. Rxb6 Ra2 44. Rb7 Rxf2 45. Rh7 Ke4 46. Rxh5 f3 47.
g3 Rxh2 48. Rg5 Ke3 49. Rxg4 f2 50. Rg6 Rh5 51.
Rxa6 Kf3 52. Rf6 Kxg3 53. Rxf2 Kxf2 54.
Kb4 Ke3 55. a6 Kd4 56. a7 Rh8 57. Kb5 Kd5 58. Kb6 Kd6 59. Kb7 Rh7+ 60. Kb6 Rh1 61. a8=Q Rb1+ 62. Ka7 Kc7 63. Qh8 Rb7+ 64.
Ka6 Rb6+ 65. Ka5 Re6 66. Qg7+ Kc6 67. Qd4 Re7 68. Qf6+ Kd7 69. Kb5 Re6 70. Qf7+ Kd6 71. Kc4 Ke5 72.
Qf3 Rd6 73. Kc5 Rd7 74. Qe3 Kf6 75. Qf4+ Ke6 76. Kc6 Rf7 77. Qe4 Kf6 78. Kd6 Kg5 79. Ke6 Rf4 80. Qh7 Kg4 81. Ke5 Kg3 82.
Qh1 Rg4 83. Qg1+ Kf3 84. Qd1+ Kg3 85. Qd3+ Kf2 86. Qh3 Rg3 87. Qh4 Kf3 88. Qxg3+ Kxg3 *

[Event "Masters Tournament (MTO)"]
[Site "Biel, Switzerland"]
[Date "2026.07.18"]
[Round "6.31"]
[White "Tan, Jimmy"]
[Black "Angst, Oliver"]
[Result "0-1"]
[TimeControl "100+30+30sec/move"]
[WhiteTitle "-"]
[BlackTitle "-"]
[WhiteFideId "129057499"]
[BlackFideId "1334069"]
[WhiteElo "1953"]
[BlackElo "2121"]

1. d4 d5 2. Nc3 c5 3. e4 dxe4 4. d5 Nf6 5. Bf4 a6 6. Qd2 g6 7. Nge2 Bg7 8. Ng3 O-O 9. O-O-O Qa5 10.
Kb1 Qb4 11. a3 Qb6 12. Na4 Qa7 13. d6 e6 14. Nc3 b5 15. Ngxe4 Nbd7 16. Nxf6+ Nxf6 17. Be5 Bb7 18. Qg5 h6 19.
Qg3 b4 20. Bxf6 Bxf6 21. axb4 cxb4 22. Na2 b3 23. cxb3 a5 24. Bc4 a4 25. b4 a3 26. Qe3 Qa4 27. b3 Qc6 28. Rhe1 Qxg2 29. Bd3 Bg5 30. Qd4 Qxh2 31. Be4 e5 32. Qb6 Bxe4+ 33. Rxe4 Rfb8 34. Qc5 Rc8 35. Qb6 Qg2 36. Rc4 Rxc4 37. bxc4 Qf3 38. Kc2 Qe2+ 39. Kc3 Qxd1 40. Qc6 Qd2+ 41.
Kb3 Qb2# 0-1

[Event "Masters Tournament (MTO)"]
[Site "Biel, Switzerland"]
[Date "2026.07.18"]
[Round "6.32"]
[White "Schmidt, Florian Pascal"]
[Black "Stevens, Christian"]
[Result "1-0"]
[TimeControl "100+30+30sec/move"]
[WhiteTitle "-"]
[BlackTitle "-"]
[WhiteFideId "16256840"]
[BlackFideId "649090"]
[WhiteElo "2095"]
[BlackElo "2014"]

1. e4 c5 2. Nf3 d6 3. d4 cxd4 4. Nxd4 Nf6 5. Nc3 a6 6. Bc4 e6 7. Bb3 b5 8. Bg5 h6 9. Bxf6 Qxf6 10.
Qd2 Nd7 11. O-O-O Nc5 12. f3 Bd7 13. g4 Rc8 14. h4 b4 15.
Nce2 a5 16. Ng3 Qd8 17. Qe2 Qb6 18. Bc4 Be7 19. Kb1 Rb8 20. Nh5 Kf8 21. Qe3 Na4 22. Bb3 Nc5 23. g5 Nxb3 24. Qxb3 Qc5 25.
f4 a4 26. Qd3 a3 27. e5 d5 28. g6 f5 29. exf6 Bxf6 30. Qe3 Rc8 31. Nxf6 gxf6 32. Qxe6 Qxc2+ 33. Nxc2 Bxe6 34. Nd4 Bg4 35.
Rd3 Rc4 36. bxa3 bxa3 37. f5 Ke7 38. Ka1 Rhc8 39. Re1+ Kd7 40. Nb3 d4 41. Rxd4+ Rxd4 42. Nxd4 Kd6 43. Nb5+ Kd5 44. g7 Bxf5 45.
Nc7+ Kd4 46. Ne8 Be6 47. Nxf6 Kd3 48. Rg1 Ke2 49. h5 Kf2 50. Rh1 Kg2 51. Rd1 Rc2 52. g8=Q+ Bxg8 53. Nxg8 Rc5 54.
Nxh6 1-0

[Event "Masters Tournament (MTO)"]
[Site "Biel, Switzerland"]
[Date "2026.07.18"]
[Round "6.33"]
[White "Fattori Dittmar, Luca"]
[Black "Iafelice, Vincenzo"]
[Result "1/2-1/2"]
[TimeControl "100+30+30sec/move"]
[WhiteTitle "-"]
[BlackTitle "-"]
[WhiteFideId "34678883"]
[BlackFideId "810541"]
[WhiteElo "1840"]
[BlackElo "2086"]

1. d4 Nf6 2. c4 e6 3. Nc3 d5 4. cxd5 exd5 5. Bg5 Be7 6. e3 O-O 7. Bd3 h6 8. Bh4 c6 9. Qc2 Ne8 10.
Bxe7 Qxe7 11. Nf3 Nd6 12. O-O Nd7 13. Rfe1 Nf6 14. Nd2 Be6 15. h3 Rfe8 16. Rad1 Qd7 17. Nf3 Bf5 18. Bxf5 Nxf5 19.
Ne5 Qe6 20. b4 Nd6 21. Qd3 Nfe4 22. Nxe4 Nxe4 23. Re2 a5 24. bxa5 Rxa5 25. Rb2 Nd6 26. Qd2 Rea8 27. Qe2 R8a7 28.
Ra1 Qc8 29. Qh5 Qa8 30. Qg4 Nc4 31. Rc2 Nxe5 32. dxe5 Rxa2 33. Rcxa2 Rxa2 34. Rxa2 Qxa2 35. Qc8+ Kh7 36. Qf5+ 1/2-1/2

[Event "Masters Tournament (MTO)"]
[Site "Biel, Switzerland"]
[Date "2026.07.18"]
[Round "6.34"]
[White "Gerrits, Augustin"]
[Black "Damen, Josephine"]
[Result "1-0"]
[TimeControl "100+30+30sec/move"]
[WhiteTitle "-"]
[BlackTitle "-"]
[WhiteFideId "285358"]
[BlackFideId "1074369"]
[WhiteElo "2072"]
[BlackElo "1971"]

1. e4 e5 2. Nf3 Nc6 3. Bb5 a6 4. Ba4 Nf6 5. O-O Be7 6. Re1 b5 7. Bb3 d6 8. a4 Bg4 9. c3 O-O 10.
d3 Na5 11. Bc2 c5 12. Nbd2 Nc6 13. h3 Bh5 14. g4 Bg6 15. Nf1 Qd7 16. Ne3 d5 17. Nh4 dxe4 18. Nxg6 hxg6 19. dxe4 Qxd1 20.
Rxd1 Ra7 21. Nd5 Rd7 1-0

[Event "Masters Tournament (MTO)"]
[Site "Biel, Switzerland"]
[Date "2026.07.18"]
[Round "6.35"]
[White "St Pierre, Joseph"]
[Black "Aryan, Mehta"]
[Result "0-1"]
[TimeControl "100+30+30sec/move"]
[WhiteTitle "-"]
[BlackTitle "-"]
[WhiteFideId "30953472"]
[BlackFideId "33329664"]
[WhiteElo "2067"]
[BlackElo "1979"]

1. e4 e5 2. Nf3 Nc6 3. Bb5 a6 4. Bxc6 dxc6 5. O-O f6 6. d4 exd4 7. Nxd4 c5 8. Nb3 Qxd1 9. Rxd1 Bg4 10.
f3 Be6 11. Be3 b6 12. Nc3 Bd6 13. a4 Kf7 14. Nd5 Bxd5 15. Rxd5 Ne7 16. Rd2 Nc6 17. a5 Rhd8 18. axb6 cxb6 19.
Rad1 Ke6 20. f4 a5 21. c3 a4 22. Nc1 Na5 23. e5 Be7 24. Rxd8 Rxd8 25. Rxd8 Bxd8 26. exf6 Bxf6 27. Kf2 Nc4 28.
Nd3 Nxe3 29. Kxe3 Kd5 30. g4 h6 31. Ne5 Bxe5 32. c4+ Kxc4 33. fxe5 Kd5 34. Kf4 0-1

[Event "Masters Tournament (MTO)"]
[Site "Biel, Switzerland"]
[Date "2026.07.18"]
[Round "6.36"]
[White "Al Ibrahim, Abdulrahman"]
[Black "Heitmann, Erik"]
[Result "1/2-1/2"]
[TimeControl "100+30+30sec/move"]
[WhiteTitle "-"]
[BlackTitle "-"]
[WhiteFideId "10300503"]
[BlackFideId "34608940"]
[WhiteElo "2016"]
[BlackElo "1949"]

1. e4 c5 2. Nf3 d6 3. d4 cxd4 4. Nxd4 Nf6 5. Nc3 a6 6. a4 e5 7. Nf3 Be6 8. Ng5 Qc7 9. Nxe6 fxe6 10.
Be2 Be7 11. O-O O-O 12. Be3 Nbd7 13. a5 Qc6 14. Bf3 Nc5 15. Re1 Rad8 16. b4 Ncd7 17. Ra3 Rc8 18. Qa1 d5 19. exd5 Nxd5 20.
Nxd5 exd5 21. c3 Qe6 22. Qd1 Nf6 23. Bg5 Rcd8 24. Ra1 h6 1/2-1/2

[Event "Masters Tournament (MTO)"]
[Site "Biel, Switzerland"]
[Date "2026.07.18"]
[Round "6.37"]
[White "Wiesmann, Dominique"]
[Black "Monteverde, Jonathan"]
[Result "0-1"]
[TimeControl "100+30+30sec/move"]
[WhiteTitle "-"]
[BlackTitle "-"]
[WhiteFideId "1308262"]
[BlackFideId "1314580"]
[WhiteElo "1978"]
[BlackElo "2098"]

1. c4 c5 2. g3 g6 3. Bg2 Bg7 4. Nc3 Nc6 5. Nf3 d6 6. O-O e5 7. a3 a5 8. Ne1 Be6 9. Nd5 Nge7 10.
Nc2 O-O 11. d3 Rb8 12. Rb1 b5 13. b4 bxc4 14. dxc4 axb4 15. axb4 Bxd5 16. cxd5 Nxb4 17. Nxb4 cxb4 18. Qa4 Qb6 19.
Ba3 b3 20. Rfc1 e4 21. Qxe4 Rfe8 22. Qd3 Nf5 23. Rc6 Qd4 24. Rxb3 Rxb3 25. Qxb3 Rxe2 26. Rc8+ Bf8 27. Qf3 Re1+ 28. Bf1 Qa1 29. Qd3 Rxf1+ 30. Qxf1 Qxa3 31. Qe1 Qa4 32. h3 Qd7 33.
Rb8 Nxg3 34. Rxf8+ Kxf8 35. fxg3 Qxh3 36. Qc3 Kg8 37. Qa3 Qd7 38. Qa8+ Kg7 39. Qa1+ f6 40. Qa6 Qe7 41. Kf2 h5 42.
Qc8 Qe5 43. Qd7+ Kh6 44. Qf7 Kg5 45. Qe6 h4 46. gxh4+ Kxh4 47. Kf3 Qg3+ 48. Ke4 Kg5 49. Kd4 Qe5+ 50. Kc4 Kf4 51. Kb5 g5 52.
Kc6 g4 53. Qd7 f5 54. Qh7 g3 55. Qh1 Kg5 56. Qf3 f4 57. Qh1 Kg4 58. Qh7 f3 59. Qg6+ Kf4 60. Qh6+ Ke4 61. Qg6+ Ke3 62.
Qh6+ Ke2 63. Qc1 f2 64. Qc2+ Kf3 0-1

[Event "Masters Tournament (MTO)"]
[Site "Biel, Switzerland"]
[Date "2026.07.18"]
[Round "6.38"]
[White "Von Burg, Carl Alexander"]
[Black "Bucher, Dominic"]
[Result "1/2-1/2"]
[TimeControl "100+30+30sec/move"]
[WhiteClock "00:04:38"]
[BlackClock "00:02:44"]
[WhiteTitle "-"]
[BlackTitle "-"]
[WhiteFideId "1352458"]
[BlackFideId "1353144"]
[WhiteElo "1947"]
[BlackElo "2078"]

1. e4 e6 2. d4 d5 3. e5 c5 4. c3 Nc6 5. Nf3 Bd7 6. Be2 Nge7 7. Na3 cxd4 8. cxd4 a6 9. O-O Nf5 10.
Nc2 Be7 11. b4 O-O 12. Rb1 Qc7 13. Bf4 Rac8 14. Bd3 g6 15. Qd2 Na7 16. Rfc1 Qb6 17. g4 Ng7 18. a3 Nb5 19. Be3 Rc7 20.
Bxb5 Bxb5 21. Nce1 Rfc8 22. Rxc7 Rxc7 23. Rc1 Bc4 24. Bg5 Ne8 25. Bxe7 Rxe7 26. h4 f5 27. exf6 Nxf6 28. Ne5 Ne4 29. Qe3 Nd6 30. N1f3 Qd8 31.
h5 gxh5 32. Qg5+ Kh8 33. Qf6+ Kg8 34. Qg5+ Kh8 35. Qxh5 Rg7 36. Kg2 Be2 37. Rh1 Bxf3+ 38. Kxf3 Qf6+ 39. Ke2 Ne4 40. Qe8+ Rg8 41.
Qf7 Qxf7 42. Nxf7+ Kg7 43. Ne5 Rc8 44. Nd3 Rc2+ 45. Ke3 Nd6 46. a4 Nc4+ 47. Kf3 b6 48. Nf4 e5 49. Nxd5 exd4 50.
Ke4 Nb2 51. Kxd4 Nxa4 52. f4 Rd2+ 53. Ke5 a5 54. bxa5 bxa5 55. f5 Re2+ 56. Kf4 Nc5 57. f6+ Kg6 58. g5 Ne6+ 59. Kf3 Re5 60.
Ne7+ Kxg5 61. Rxh7 Nd4+ 62. Kf2 Kxf6 63. Nc6 Nxc6 64. Rh6+ Kf5 65. Rxc6 Ke4 66. Rd6 Kf5 67. Kf3 1/2-1/2

[Event "Masters Tournament (MTO)"]
[Site "Biel, Switzerland"]
[Date "2026.07.18"]
[Round "6.39"]
[White "Ruchat, Blaise"]
[Black "Morrison, Joseph"]
[Result "0-1"]
[TimeControl "100+30+30sec/move"]
[WhiteTitle "-"]
[BlackTitle "-"]
[WhiteFideId "1328921"]
[BlackFideId "479535"]
[WhiteElo "1912"]
[BlackElo "2048"]

1. e4 c6 2. d4 d5 3. Nc3 dxe4 4.
Nxe4 Nf6 5. Nxf6+ exf6 6. c3 Bd6 7. Bd3 O-O 8. Be3 Re8 9. Nf3 f5 10. O-O f4 11. Bd2 Qf6 12. Re1 Be6 13. Bc4 Nd7 14. Bxe6 fxe6 15. Qb3 b6 16. Ng5 Nf8 17. Ne4 Qe7 18.
Nxd6 Qxd6 19. Re4 g5 20. Rae1 Kf7 21. h4 h6 22. hxg5 hxg5 23. Re5 Qd8 24. g3 Qf6 25. Qd1 Ng6 26.
R5e4 Qf5 27. gxf4 gxf4 28. Qf3 Re7 29. b3 Rh8 30. Bxf4 Rh4 0-1

[Event "Masters Tournament (MTO)"]
[Site "Biel, Switzerland"]
[Date "2026.07.18"]
[Round "6.40"]
[White "Arndt, Uwe"]
[Black "Carey, Michael"]
[Result "1/2-1/2"]
[TimeControl "100+30+30sec/move"]
[WhiteTitle "-"]
[BlackTitle "-"]
[WhiteFideId "24647713"]
[BlackFideId "30923760"]
[WhiteElo "2005"]
[BlackElo "1946"]

1. d4 Nf6 2. c4 c5 3. d5 b5 4. cxb5 a6 5. bxa6 g6 6. Nc3 Bg7 7. e4 O-O 8. a7 Rxa7 9. Nf3 e6 10.
Be2 exd5 11. exd5 d6 12. O-O Na6 13. Nb5 Rd7 14. Bc4 Bb7 15. Qb3 Qa8 16. Rd1 Rfd8 17. h3 Nc7 18. Nxc7 Rxc7 19.
Bf4 Re7 20. a4 Re4 21. Bg5 h6 22. Bxf6 Bxf6 23. Rd2 Ba6 24. Bxa6 Qxa6 25. Ra2 Ra8 26. a5 Rb4 27. Qe3 Kg7 28.
b3 Qb5 29. Rd3 Rxa5 30. Rxa5 Qxa5 31. Kh2 Qa2 32. g3 Rb7 33. Kg2 Qc2 34. h4 c4 35. bxc4 Qxc4 1/2-1/2

[Event "Masters Tournament (MTO)"]
[Site "Biel, Switzerland"]
[Date "2026.07.18"]
[Round "6.41"]
[White "Joly, Fabrice"]
[Black "Oestmann, Lukas"]
[Result "1-0"]
[TimeControl "100+30+30sec/move"]
[WhiteTitle "-"]
[BlackTitle "-"]
[WhiteFideId "612235"]
[BlackFideId "1326457"]
[WhiteElo "1907"]
[BlackElo "1998"]

1. e4 c5 2. c4 Nc6 3. Nc3 e6 4. g3 Nf6 5. Bg2 a6 6. Nge2 Qc7 7. O-O Be7 8. d3 O-O 9. h3 Rb8 10. f4 d6 11. g4 b5 12.
f5 Nd4 13. b3 Nxe2+ 14. Qxe2 b4 15. Nd1 exf5 16. g5 Nd7 17. exf5 Re8 18. Qh5 g6 19. fxg6 hxg6 20. Qh4 Ne5 21.
Bb2 Qd8 22. Rxf7 Nxf7 23. Bd5 Kf8 24. Qh7 1-0

[Event "Masters Tournament (MTO)"]
[Site "Biel, Switzerland"]
[Date "2026.07.18"]
[Round "6.42"]
[White "Di Candia, Roberto"]
[Black "Alsaleh, Eissa"]
[Result "1-0"]
[TimeControl "100+30+30sec/move"]
[WhiteTitle "-"]
[BlackTitle "-"]
[WhiteFideId "856649"]
[BlackFideId "10312463"]
[WhiteElo "1988"]
[BlackElo "1908"]

1. c4 Nf6 2. Nf3 c5 3. g3 g6 4. Bg2 Bg7 5. Nc3 d6 6. O-O O-O 7. d4 Nc6 8. dxc5 dxc5 9. Be3 Qa5 10.
Qb3 Nd7 11. Qb5 a6 12. Qxa5 Nxa5 13. Nd2 Bxc3 14. bxc3 Rb8 15. Bf4 e5 16. Bh6 Rd8 17. Bd5 Nb6 18. e4 Be6 19. Nb3 Naxc4 20. Bxe6 fxe6 21. Nxc5 Rd6 22. Rad1 Rbd8 23. Rxd6 Rxd6 24.
Nxb7 Rd3 25. Nc5 Rxc3 26. Rd1 Nd2 27. Rxd2 Rxc5 28. Rd8+ Kf7 29. Rf8+ Ke7 30. Rh8 Kf6 31. Rxh7 Ra5 32.
h4 g5 33. h5 g4 34. Bf8 Nd5 35. exd5 exd5 36. Rd7 1-0

[Event "Masters Tournament (MTO)"]
[Site "Biel, Switzerland"]
[Date "2026.07.18"]
[Round "6.43"]
[White "Malli, Shiivesh Sunil"]
[Black "Rosen, Noah"]
[Result "0-1"]
[TimeControl "100+30+30sec/move"]
[WhiteTitle "-"]
[BlackTitle "-"]
[WhiteFideId "1340409"]
[BlackFideId "1356267"]
[WhiteElo "1994"]
[BlackElo "1921"]

1. c4 Nf6 2. Nc3 g6 3. g3 Bg7 4. Bg2 O-O 5. d3 c5 6. e4 d6 7. Nge2 Nc6 8. O-O Rb8 9. Rb1 Bg4 10.
h3 Bxe2 11. Nxe2 Nd7 12. Be3 b5 13. Qd2 bxc4 14. dxc4 Nde5 15. b3 Nb4 16. a3 Nbc6 17. f4 Nd7 18. e5 Qc7 19. Rfd1 Na5 20.
exd6 exd6 21. Qc2 Rfe8 22. Bf2 Nxb3 23. Rxb3 Rxb3 24. Qxb3 Rxe2 25. Qd3 Re6 26. a4 Nb8 27. Bd5 Re8 28.
Qf3 Na6 29. f5 Nb4 30. fxg6 hxg6 31. Be4 a5 32. h4 Qe7 33. Re1 Qd7 34. Rd1 Qe6 35. Bc6 Nxc6 36. Qxc6 Bd4 37. Rf1 Bxf2+ 38. Rxf2 Qe1+ 39. Kg2 Qe4+ 40. Qxe4 Rxe4 41. Rd2 Rxc4 42. Rxd6 Rxa4 43. Rc6 c4 44. Kf3 Ra3+ 45. Kf4 c3 46.
g4 Kg7 47. Kg5 Rb3 48. h5 f6+ 49. Kf4 a4 50. hxg6 Kxg6 51. g5 Rb4+ 52. Ke3 Kxg5 53. Rc5+ f5 0-1

[Event "Masters Tournament (MTO)"]
[Site "Biel, Switzerland"]
[Date "2026.07.18"]
[Round "6.44"]
[White "Hornung, Hans"]
[Black "Wenger, Arejou"]
[Result "1/2-1/2"]
[TimeControl "100+30+30sec/move"]
[WhiteTitle "-"]
[BlackTitle "-"]
[WhiteFideId "4615140"]
[BlackFideId "1336584"]
[WhiteElo "1924"]
[BlackElo "1873"]

1. Nf3 Nf6 2. c4 e6 3. g3 a6 4. Bg2 b5 5. d3 Bb7 6. O-O Be7 7. e4 d6 8. Nfd2 bxc4 9. Nxc4 d5 10.
Na5 Bc8 11. exd5 exd5 12. Nc3 O-O 13. Bg5 c6 14. Nb3 Bg4 15. Qd2 Nbd7 16. h3 Bh5 17. Nd4 Ne5 18. Rfe1 Bd6 19. Bf4 Re8 20.
Bxe5 Rxe5 21. Nxc6 Rxe1+ 22. Rxe1 Qb6 23. Ne7+ Bxe7 24. Rxe7 Qc5 25. Re5 Qd4 26. Qe3 Qxe3 27. fxe3 Bg6 28.
Nxd5 Nxd5 29. Rxd5 Rc8 30. Rd6 h5 31. e4 Rc2 32. Rb6 f6 33. a3 Be8 34. Rxa6 Rxb2 35. d4 Re2 36. Ra7 Bb5 37.
d5 Bd3 38. d6 Kf8 39. a4 Bxe4 40. Bxe4 Rxe4 41. Kf2 Rd4 42. d7 Ke7 43. Ke3 Rb4 44. a5 h4 45. g4 Rb3+ 46. Kf2 Rxh3 47.
a6 Ra3 48. Kg2 g6 49. Kh2 g5 1/2-1/2

[Event "Masters Tournament (MTO)"]
[Site "Biel, Switzerland"]
[Date "2026.07.18"]
[Round "6.45"]
[White "Hajduk, Tomasz"]
[Black "Vedant, Nayudu"]
[Result "0-1"]
[TimeControl "100+30+30sec/move"]
[WhiteTitle "-"]
[BlackTitle "-"]
[WhiteFideId "21811415"]
[BlackFideId "33369780"]
[WhiteElo "1921"]
[BlackElo "1797"]

1. e4 c6 2. d4 d5 3. e5 Bf5 4. Nc3 e6 5. g4 Bg6 6. Nge2 Qb6 7. h4 h5 8. Nf4 Bh7 9. Nxh5 c5 10.
Be3 Nc6 11. dxc5 Bxc5 12. Bxc5 Qxc5 13. Bd3 Nxe5 14. Nxg7+ Ke7 15. Bxh7 Rxh7 16. Nh5 Qb4 17. Rg1 d4 18. a3 Qxb2 19.
Na4 Qb5 20. c4 Qxc4 21. Rg3 d3 22. Rc1 Qe4+ 23. Kf1 Qh1+ 24. Rg1 Qh3+ 25. Rg2 Rd8 26. Rc7+ Kf8 27. Qd2 Qh1+ 28. Rg1 Qxg1+ 0-1

[Event "Masters Tournament (MTO)"]
[Site "Biel, Switzerland"]
[Date "2026.07.18"]
[Round "6.46"]
[White "Simon, Ralf-Axel"]
[Black "Magnussen, Petur Gardar"]
[Result "0-1"]
[TimeControl "100+30+30sec/move"]
[WhiteTitle "-"]
[BlackTitle "-"]
[WhiteFideId "4603125"]
[BlackFideId "7203802"]
[WhiteElo "1935"]
[BlackElo "1957"]

1. d4 d5 2. Nf3 Nf6 3. c4 e6 4. Nc3 Be7 5. g3 O-O 6. Bg2 c6 7. O-O b6 8. b3 Bb7 9. Bb2 Nbd7 10.
Qc2 dxc4 11. bxc4 c5 12. e3 cxd4 13. exd4 a6 14. Rfd1 Qc7 15. d5 exd5 16. cxd5 Nxd5 17. Rac1 Nxc3 18.
Bxc3 Rac8 19. Qd2 Nc5 20. Be5 Qc6 21. Nh4 Qe6 22. Bxb7 Nxb7 23. Nf3 Qf5 24. Qe3 Bc5 25. Qf4 Qxf4 26.
Bxf4 Rfd8 27. Kg2 f6 0-1